 Dungeon Crawl Stone Soup version 0.27.1-33-g824d729ab1 (webtiles) character file.

Game seed: 6851344324768339794

31 ReploidZero the Magician (level 3, -2/25 HPs)
             Began as a Djinni Fire Elementalist on Dec 10, 2021.
             Slain by a ball python (3 damage)
             ... on level 2 of the Dungeon.
             The game lasted 00:05:10 (1412 turns).

ReploidZero the Magician (Djinni Fire Elementalist) Turns: 1412, Time: 00:05:10

Health: -2/25      AC:  2    Str:  7    XL:     3   Next: 40%
Gold:   82         EV: 12    Int: 17    God:
                   SH:  0    Dex: 13

rFire    + + .     SeeInvis .   c - +2 dagger (vorpal)
rCold    x . .     Faith    .   (no shield)
rNeg     . . .     Spirit   .   a - +0 robe
rPois    ∞         Reflect  .   (no helmet)
rElec    .         Harm     .   (no cloak)
rCorr    .         Rampage  .   (no gloves)
Will     .....                  (boots unavailable)
Stlth    ++........             (no amulet)
HPRegen  0.08/turn              (no ring)
MPRegen  0.00/turn              (no ring)

@: flying
A: sickness immunity, fire resistance 2, cold vulnerability 1, float, innate
caster, hp casting, extra vitality 1
a: no special abilities


You were on level 2 of the Dungeon.
You visited 1 branch of the dungeon, and saw 2 of its levels.

You collected 82 gold pieces.

Inventory:

Hand Weapons
 c - a +2 vorpal dagger (weapon)
Armour
 a - a +0 robe (worn)
Scrolls
 d - a scroll of teleportation {unknown}
 f - a scroll of identify
Potions
 g - a potion of resistance
 h - a potion of brilliance


   Skills:
 - Level 2.1 Dodging
 - Level 1.5 Stealth
 * Level 3.3 Spellcasting


You couldn't memorise any spells.
You knew the following spells:

 Your Spells              Type           Power      Damage    Failure   Level
a - Foxfire               Conj/Fire      56%        2x1d6     4%          1
b - Conjure Flame         Conj/Fire      14%        6-21      13%         3
c - Inner Flame           Hex/Fire       14%        N/A       13%         3
d - Sticky Flame          Conj/Fire      14%        2d4       38%         4
e - Fireball              Conj/Fire      7%         3d5       75%         5
f - Beastly Appendage     Tmut           28%        N/A       4%          1
Your spell library was empty.

Dungeon Overview and Level Annotations

Branches:
Dungeon (2/15)

Altars:
Hepliaklqana

Annotations:
D:2 Jessica


Innate Abilities, Weirdness & Mutations

You are immune to sickness and miasma.
You are immune to poison.
Your flesh is very heat resistant. (rF++)
You are vulnerable to cold. (rC-)
You float through the air rather than walking.
You learn spells naturally, not from books.
Your magical power is your life essence.
You have superior vitality. (+4 HP)


Message History

The jackal is moderately wounded.
The foxfire hits the jackal.
The jackal is almost dead.
The jackal bites you.
Casting: Foxfire (safe; 4% risk of failure)
Press: ? - help, Q - select action, (/) - cycle Dir - look around, f - activate You conjure some foxfire!
The jackal closely misses you. The jackal completely misses you.
The jackal bites you.
* * * LOW HITPOINT WARNING * * *
The jackal bites you.
* * * LOW HITPOINT WARNING * * *
Okay, then.
It was a potion of curing.
You feel better.
The foxfire hits Jessica.
Jessica is moderately wounded.
The foxfire hits the jackal.
You kill the jackal!
Jessica misses you. The jackal bites you. The jackal barely misses you.
Unknown command.
Jessica hits you with a +0 dagger.
Jessica shouts, "You're disturbing me!
I'll have to kill you!" Jessica hits you with a +0 dagger.
* * * LOW HITPOINT WARNING * * *
The jackal misses you.
A ball python comes into view.
Jessica gestures wildly while chanting.
Jessica seems to speed up.
The ball python hisses angrily.
The ball python bites you.
* * * LOW HITPOINT WARNING * * *
The ball python closely misses you. The jackal barely misses you.
The ball python bites you.
* * * LOW HITPOINT WARNING * * *
The ball python barely misses you.
You hit the ball python.
The ball python is heavily wounded.
Jessica grins evilly.
Jessica barely misses you. The jackal misses you. Jessica closely misses you.
The ball python bites you.
You die...

..........#..#..).##
............#..#.#
..............##.####
######.†._.....#.....
........$..........###
######................
#.........h...#..
.....####..@h####.#
#...##....##@# #..##
#.#####.S<..# #.# ..
##..### .. ## ###


You could see Jessica (fast), 2 jackals and a ball python.

Vanquished Creatures
  A dart slug (D:1)
  2 ball pythons (D:1)
  4 endoplasms (D:1)
  A giant cockroach (D:2)
  2 goblins (D:1)
  4 hobgoblins
  A jackal (D:2)
  3 bats (D:1)
  2 frilled lizards (D:1)
  4 kobolds
  2 rats
26 creatures vanquished.

Vanquished Creatures (others)
  82 foxfires
82 creatures vanquished.

Grand Total: 108 creatures vanquished

Notes
Turn   | Place    | Note
-------+----------+-------------------------------------------
     0 | D:1      | ReploidZero the Djinni Fire Elementalist began the quest
                  | for the Orb.
     0 | D:1      | Reached XP level 1. HP: 15/15 MP: 0/0
   337 | D:1      | Reached XP level 2. HP: 17/21 MP: 0/0
   739 | D:1      | Reached skill level 3 in Spellcasting
   747 | D:1      | Found a faded altar of an unknown god.
   958 | D:1      | Reached XP level 3. HP: 24/25 MP: 0/0
   958 | D:1      | Learned a level 1 spell: Beastly Appendage
  1382 | D:2      | Found a hazy altar of Hepliaklqana.
  1395 | D:2      | Noticed Jessica
  1411 | D:2      | HP: 1/25 [ball python (2)]
  1412 | D:2      | Slain by a ball python

Illustrated notes

Levels and vault maps discovered:
D:1:      lemuel_arrival_river_bridge, layout_rooms,
          chequers_ecumenical_altar_simple_redux, minmay_misc_feat_x,
          nrook_loot_triangle
D:2:      minmay_diamond_boxcup, layout_rooms, basic_altar, minmay_tripent,
          uniq_jessica

Skill      XL: |  1  2 |
---------------+-------+-----
Spellcasting   | 3 |  3.3
Dodging        | |  2.1
Stealth        | |  1.5

Action                   || total
-------------------------++-------
Melee: Dagger            ||     7
 Cast: Foxfire           ||    51
  Use: Scroll            ||     6
       Potion            ||     1
Armor: Robe              ||     9
Dodge: Dodged            ||    23
